 Dungeon Crawl Stone Soup version 0.31-a0-986-g5e6e4ef867 (webtiles) character file.

Game seed: 13494895915486834004

851 Firecrotchwizard the Insei (level 8, -6/43 HPs)
             Began as a Vine Stalker Monk on Nov 9, 2023.
             Was a Believer of Makhleb.
             Mangled by a wyvern (8 damage)
             ... on level 5 of the Dungeon.
             The game lasted 00:08:15 (3068 turns).

Firecrotchwizard the Insei (Vine Stalker Monk)      Turns: 3068, Time: 00:08:16

Health: -6/43      AC:  6    Str: 16    XL:     8   Next: 1%
Magic:  0/9        EV: 11    Int: 10    God:    Makhleb [**....]
Gold:   237        SH:  0    Dex: 17    Spells: 7/7 levels left

rFire   . . .        s - +2 dagger (venom)
rCold   . . .        c - orb {light}
rNeg    . . .        l - +0 ring mail
rPois   .            (no helmet)
rElec   .            (no cloak)
rCorr   .            (no gloves)
SInv    .            v - +0 pair of boots
Will    +....        (no amulet) Stlth
                     (no ring)
HPRegen 1.07/turn    (no ring)
MPRegen 0.11/turn

%: guardian spirit
@: confused, ambrosia-drunk, glowing
A: fangs 3, regeneration 1, magic shield, antimagic bite, no potion heal 2
a: Renounce Religion, Minor Destruction


You were on level 5 of the Dungeon.
You worshipped Makhleb.
Makhleb was pleased with you.
You visited 1 branch of the dungeon, and saw 5 of its levels.

You collected 237 gold pieces.

Inventory:

Hand Weapons
 s - a +2 dagger of venom (weapon)
Armour
 a - a +0 robe
 c - an orb of light (worn)
 l - a +0 ring mail (worn)
 v - a +0 pair of boots (worn)
Jewellery
 n - a ring of resist corrosion
 w - a ring of protection from fire
 y - a ring of positive energy
Scrolls
 f - a scroll of noise {unknown}
 h - 2 scrolls of teleportation {unknown}
 j - 3 scrolls of identify {unknown}
 m - a scroll of fog {unknown}
 o - 3 scrolls of amnesia {unknown}
 p - a scroll of immolation {unknown}
 t - 2 scrolls of enchant weapon {unknown}
 z - a scroll of poison {unknown}
Potions
 d - a potion of attraction {unknown}
 e - 3 potions of magic {unknown}
 g - a potion of cancellation {unknown}
 i - a potion of resistance {unknown}
 k - a potion of lignification {unknown}
 q - a potion of brilliance {unknown}
 r - a potion of invisibility {unknown}
 u - 3 potions of curing {unknown}
 x - a potion of degeneration {unknown}
 A - a potion of haste {unknown}


   Skills:
 + Level 5.3 Fighting
 - Level 2.4 Dodging
 * Level 7.7 Unarmed Combat


You had 7 spell levels left.
You didn't know any spells.
Your spell library contained the following spells:

 Spells                   Type           Power      Damage    Failure   Level
 Apportation              Tloc           0%         N/A       58%         1
 Necrotise                Necr           0%         1d4       58%         1
 Sandblast                Erth           0%         2d4       58%         1
 Slow                     Hex            0%         N/A       58%         1
 Summon Small Mammal      Summ           0%         N/A       58%         1
 Passwall                 Tmut/Erth      0%         N/A       73%         2
 Confusing Touch          Hex            0%         N/A       91%         3
 Sigil of Binding         Hex            0%         N/A       91%         3
 Stone Arrow              Conj/Erth      0%         3d7       91%         3
 Vampiric Draining        Necr           0%         2d6       91%         3
 Animate Armour           Summ/Erth      0%         N/A       100%        4
 Brom's Barrelling Bould  Conj/Erth      0%         2d3       100%        4
 Summon Lightning Spire   Summ/Air       0%         N/A       100%        4
 Lee's Rapid Deconstruct  Erth           0%         3d4*      100%        5


Dungeon Overview and Level Annotations

Branches:
Dungeon (5/15)             Temple (0/1) D:4

Altars:
Fedhas
Kikubaaqudgha
Makhleb
Okawaru

Annotations:
D:4 2 runed translucent doors, pigah's ghost, amateur OpSh


Innate Abilities, Weirdness & Mutations

You have razor-sharp teeth.
Your natural rate of healing is unusually fast.
When hurt, damage is shared between your health and your magic reserves.
Your bite disrupts and absorbs the magic of your enemies.
Potions cannot restore your health.


Message History

The hound is severely wounded.
You kill the hound!
Makhleb accepts your kill.
No target in view!
HP restored.
Magic restored.
Found a hand axe.
t - 2 scrolls labelled FAUSAEVUFOH (gained 1)
An orc comes into view. It is wielding a +0 club.
The orc shouts!
Found a mace.
The orc barely misses you.
You hit the orc but do no damage.
The orc is poisoned.
The orc barely misses you.
You hit the orc.
The orc looks as sick as possible!
You bite the orc. You drain its power.
The orc is moderately wounded.
The orc hits you but does no damage.
You hit the orc.
You kill the orc!
Makhleb accepts your kill.
No target in view!
You pick up a book of Cantrips and begin reading...
You add the spells Necrotise, Summon Small Mammal and Apportation to your library.
Okay, then.
You now have 210 gold pieces (gained 10).
You see here a +0 mace.
A bullfrog comes into view.
Found 14 gold pieces.
Found 13 gold pieces.
The bullfrog hits you.
You hit the bullfrog.
The bullfrog is poisoned.
You bite the bullfrog. You drain its power.
The bullfrog is moderately wounded.
The bullfrog closely misses you. The bullfrog barely misses you.
You hit the bullfrog.
The bullfrog is moderately wounded.
The bullfrog hits you!
You hit the bullfrog but do no damage.
The bullfrog looks as sick as possible!
You bite the bullfrog. You drain its power.
You feel invigorated.
The bullfrog is heavily wounded.
The bullfrog hits you. x2
You closely miss the bullfrog. Your bite misses the bullfrog.
The bullfrog is severely wounded.
The bullfrog hits you.
You barely miss the bullfrog. You bite the bullfrog. You drain its power.
You feel invigorated.
The bullfrog is severely wounded.
You kill the bullfrog!
Makhleb accepts your kill.
You feel better.
You have reached level 8!
You feel stronger.
Your teeth grow very long and razor-sharp.
Found 10 stones.
A - a cyan potion You now have 224 gold pieces (gained 14).
You now have 237 gold pieces (gained 13).
A wyvern comes into view.
The wyvern hisses angrily.
An orc and an orc wizard come into view.
The orc shouts!
An orc comes into view. It is wielding a +0 war axe.
The orc shouts!
The orc moves out of view.
The orc wizard gestures at you while chanting.
The puff of flame hits you!
You hit the wyvern.
The wyvern is poisoned.
The wyvern is lightly wounded.
The wyvern barely misses you.
The orc wizard points at you and mumbles some strange words.
The magic dart hits you. The wyvern bites you!
You hit the wyvern.
The wyvern looks as sick as possible!
You bite the wyvern! You drain its power.
You feel invigorated.
The wyvern is heavily wounded.
The wyvern bites you.
Unknown command.
You hit the wyvern.
The wyvern looks as sick as possible!
The wyvern is severely wounded.
The wyvern bites you.
The orc wizard casts a spell.
The orc wizard flickers and vanishes!
Deactivating autopickup; reactivate with Ctrl-A.
The wyvern bites you!
* * * LOW HITPOINT WARNING * * *
You hit the wyvern but do no damage.
The wyvern is severely wounded.
The wyvern bites you!
* * * LOW MAGIC WARNING * * *
* * * LOW HITPOINT WARNING * * *
You hit the wyvern.
The wyvern looks as sick as possible!
The wyvern is severely wounded.
The wyvern closely misses you. The wyvern bites you!
* * * LOW MAGIC WARNING * * *
* * * LOW HITPOINT WARNING * * *
You are confused.
Your system rejects the healing.
You feel invigorated. The wyvern bites you!
* * * LOW MAGIC WARNING * * *
* * * LOW HITPOINT WARNING * * *
The wyvern bites you!
* * * LOW MAGIC WARNING * * *
You die...

##.# ....##. ##.o .......
.... .........##..## ......
.... ..............# ##..#
...) .............#####..#
.... ...............##....#
.... ....#....oo..........#
.... .........o........##.#
....
...............####....
.... ........@l....## ....#
..... .#...........####
...#.. ....
..#.................!.##.
.......................##..
#.. .
..#........................
.##........................
.............####..†......#
....# ......####...........
...## ....##......##.....


You could see a wyvern (extremely poisoned), an orc wizard (invisible) and 2
orcs.

Vanquished Creatures
  Pikel (D:4)
  3 lemures (D:4)
  A bullfrog (D:5)
  2 hounds
  A jelly (D:4)
  2 orc priests (D:4)
  3 orc wizards
  3 adders
  A river rat (D:3)
  3 worms
  3 dart slugs
  3 orcs
  7 endoplasms
  4 giant cockroaches
  3 hobgoblins
  5 jackals (D:1)
  5 quokkas
  4 ball pythons
  9 bats
  3 frilled lizards
  6 goblins
  5 kobolds
  8 rats
85 creatures vanquished.

Notes
Turn   | Place    | Note
-------+----------+-------------------------------------------
     0 | D:1      | Firecrotchwizard the Vine Stalker Monk began the quest for
                  | the Orb.
     0 | D:1      | Reached XP level 1. HP: 11/11 MP: 2/2
   133 | D:1      | Reached XP level 2. HP: 14/16 MP: 1/3
   446 | D:1      | Found a faded altar of an unknown god.
   578 | D:1      | Reached XP level 3. HP: 20/20 MP: 4/4
   780 | D:2      | Found a blossoming altar of Fedhas.
   853 | D:2      | Reached skill level 4 in Unarmed Combat
  1268 | D:3      | Reached XP level 4. HP: 24/24 MP: 5/5
  1802 | D:3      | Reached XP level 5. HP: 25/29 MP: 6/6
  2124 | D:3      | Reached skill level 5 in Unarmed Combat
  2261 | D:4      | Found a runed translucent door.
  2265 | D:4      | Noticed pigah's ghost (amateur OpSh)
  2313 | D:4      | Found a runed translucent door.
  2316 | D:4      | Found a burning altar of Makhleb.
  2337 | D:4      | Became a worshipper of Makhleb the Destroyer
  2337 | D:4      | Reached * piety under Makhleb
  2337 | D:4      | Reached ** piety under Makhleb
  2367 | D:4      | Noticed a lemure
  2368 | D:4      | Noticed a lemure
  2368 | D:4      | Noticed a lemure
  2368 | D:4      | Noticed Pikel
  2386 | D:4      | Killed a lemure
  2395 | D:4      | Killed a lemure
  2404 | D:4      | Killed a lemure
  2434 | D:4      | Found a staircase to the Ecumenical Temple.
  2442 | D:4      | Noticed a lemure
  2463 | D:4      | Killed Pikel
  2464 | D:4      | Reached skill level 7 in Unarmed Combat
  2464 | D:4      | Reached XP level 6. HP: 21/35 MP: 4/7
  2464 | D:4      | Reached XP level 7. HP: 23/38 MP: 4/8
  2532 | D:4      | Reached skill level 5 in Fighting
  2561 | D:4      | Found an iron altar of Okawaru.
  2845 | D:4      | Found an ancient bone altar of Kikubaaqudgha.
  2939 | D:5      | Entered Level 5 of the Dungeon
  3015 | D:5      | Gained mutation: You have razor-sharp teeth. [Vine Stalker
                  | growth]
  3015 | D:5      | Reached XP level 8. HP: 35/43 MP: 9/9
  3050 | D:5      | Noticed a wyvern
  3066 | D:5      | HP: 2/43 [wyvern (6)]
  3068 | D:5      | Mangled by a wyvern

Illustrated notes

Levels and vault maps discovered:
D:1:      scummos_arrival_hexagon, layout_loops_cross,
          hellmonk_ecumenical_altar_inner_sanctum, kennysheep_doodads
D:2:      layout_rooms, basic_altar, nrook_mini_vaults
D:3:      layout_loops_corners, gup_sewer_entry_spiral
D:4:      layout_loops_ring, lemuel_doored_altar, bloody_makhleb,
          okawaru_trees_2, minmay_temple_entry_arrows, ebering_ghost_sewer_f,
          uniq_pikel
D:5:      layout_cave_pools, kennysheep_mini, minmay_tree_intersection,
          uniq_ijyb

Skill      XL: |  1  2  3  4  5  6  7 |
---------------+----------------------+-----
Fighting       | 3 4 5 |  5.3
Unarmed Combat | 4 7 |  7.7
Dodging        | |  2.4

Action                     |  1- 3 |  4- 6 |  7- 9 || total
---------------------------+-------+-------+-------++-------
  Melee: Unarmed           |    73 |       |       ||    73
         Bite              |    27 |    39 |    29 ||    95
         Dagger            |    28 |    96 |    63 ||   187
    Use: Potion            |       |       |     1 ||     1
 Armour: Robe              |    20 |       |       ||    20
         Ring mail         |    32 |    42 |    53 ||   127
  Dodge: Dodged            |    46 |    42 |    34 ||   122

Table legend: (Time is in decaauts)
 A = Elapsed time spent in this place.
 B = Non-inter-level travel time spent in this place.
 C = Inter-level travel time spent in this place.
 D = Time resting spent in this place.
 E = Time spent auto-exploring this place.
 F = Levels seen in this place.
 G = Mean time per level.
                   A        B        C        D        E       F      G
               +--------+--------+--------+--------+--------+-----+--------+
         Total |   3098 |   2987 |    111 |     25 |   2338 |   5 |  619.6 |
       Dungeon |   3098 |   2987 |    111 |     25 |   2338 |   5 |  619.6 |
               +--------+--------+--------+--------+--------+-----+--------+

Top non-repeatable levels by time:
     D:3: 1055 daAuts
     D:1: 718 daAuts
     D:4: 676 daAuts
     D:2: 518 daAuts
     D:5: 128 daAuts
